Description

Zagara has always been one of my favorite commanders, for many reasons. My favorite reason is the sheer joy of watching entire attack waves melt under Banes and Scourge. Her macro is similar to Nova as she doesn't need much to get every upgrade and access to every unit. Queens or extra Hatches should be added to increase Larva production. Have fun with her and try to make more Banes than you think while learning Zagara. Later you will find the sweet spot.

VOD

https://youtu.be/5M37TeeyjXk

Replay - Best Build Order Zagara Easy Expo

Build Order

Get SALT Encoding   

  6  0:10  Drone x2  
  6  0:18  Drone x2  
  8  0:27  Drone x2  
  9  0:32  Extractor  
  8  0:40  Drone x2  
  9  0:50  Drone x2  
  10  1:13  Spawning Pool  
  10  1:25  Extractor  
  10  1:45  Baneling Nest  
  10  1:46  Swarmling x6  
  13  2:03  Overlord  
  17  3:03  Hatchery  
  18  3:28  Overlord  
  20  3:30  Evolution Chamber  
  24  4:00  Centrifical Hooks  
  24  4:08  Lair  
  24  4:18  Heroic Fortitude  
  26  4:27  Metabolic Boost  
  29  4:43  Extractor x2  
  29  4:46  Overlord  
  30  5:02  Overlord  
  36  5:26  Medusa Blades  
  36  5:42  Hive  
  38  5:54  Scourge Nest  
  38  6:08  Corrosive Acid  
  39  6:11  Hardened Carapace  
  41  6:37  Overlord  
  44  7:02  Hatchery x2  
  44  7:04  Zerg Melee Weapons Level 1  
  44  7:07  Simplified Genome  
  47  7:57  Overseer x2  
  47  8:09  Virulent Spores  
  47  8:12  Rupture  
  47  8:15  Shredding Claws  
  49  8:21  Pneumatized Carapace  
  43  8:50  Aberration x3  
  43  8:56  Swarmling x4  
  81  9:34  Zerg Flyer Weapons Level 1  
  81  9:44  Protective Cover  
  81  9:45  Adrenal Overload  
Spawning Tool Build Advisor. Get it on Overwolf

Go to:

Details

  • Created by: hunter      
  • Published on: Jun 26, 2018
  • Patch: 4.0.0
  • Difficulty: Easy
Show
View Real Time Build Order
Export as new Build Order

Comments (0)

There are no comments. Be the first!

Create an account to comment!